 Dungeon Crawl Stone Soup version 0.26.1-11-gd32895ea62 (webtiles) character file.

Game seed: 14469459430939084981

25 tizbic2 the Caller (level 3, -22/24 HPs)
             Began as a Formicid Summoner on July 1, 2021.
             Engulfed by their own flame (24 damage)
             ... on level 2 of the Dungeon.
             The game lasted 00:05:55 (984 turns).

tizbic2 the Caller (Formicid Summoner)               Turns: 984, Time: 00:05:55

Health: -22/24     AC:  5    Str: 13    XL:     3   Next: 17%
Magic:  3/6        EV: 10    Int: 14    God:
Gold:   52         SH:  0    Dex: 11    Spells: 3/7 levels left

rFire    . . .     SeeInvis +   h - +0 spear
rCold    . . .     Faith    .   (no shield)
rNeg     . . .     Spirit   .   n - +0 ring mail
rPois    .         Reflect  .   (helmet unavailable)
rElec    .         Harm     .   (no cloak)
rCorr    .         Rampage  .   (no gloves)
Will     .....                  (no boots)
Stlth    +.........             (no amulet)
HPRegen  0.08/turn              j - +4 ring of slaying
MPRegen  0.10/turn              (no ring)

@: no status effects
A: permanent stasis, dig shafts and tunnels, four strong arms, antennae 3
a: Dig, Shaft Self


You were on level 2 of the Dungeon.
You visited 1 branch of the dungeon, and saw 2 of its levels.

You collected 52 gold pieces.

Inventory:

Hand Weapons
 h - a +0 spear (weapon)
Armour
 a - a +0 robe
 n - a +0 ring mail (worn)
Jewellery
 j - a +4 ring of slaying (left hand)
 o - an uncursed ring of resist corrosion {unknown}
Scrolls
 b - 3 scrolls of teleportation {unknown}
 c - a scroll of remove curse {unknown}
 d - a scroll of fear {unknown}
 f - a scroll of amnesia {unknown}
 k - 2 scrolls of identify {unknown}
 l - a scroll of enchant armour {unknown}
Potions
 e - a potion of heal wounds {unknown}
 g - a potion of flight {unknown}
 i - a potion of ambrosia {unknown}
 m - a potion of brilliance {unknown}


   Skills:
 * Level 1.0 Polearms
 + Level 1.8 Dodging
 - Level 2.4 Stealth
 + Level 2.5 Spellcasting
 + Level 4.5 Summonings


You had 3 spell levels left.
You knew the following spells:

 Your Spells              Type           Power        Failure   Level
a - Summon Small Mammal   Summ           56%          8%          1
b - Summon Guardian Gole  Hex/Summ       8%           52%         3

Your spell library contained the following spells:

 Spells                   Type           Power        Failure   Level
 Call Imp                 Summ           14%          12%         2
 Call Canine Familiar     Summ           14%          24%         3
 Summon Ice Beast         Ice/Summ       8%           89%         4
 Summon Lightning Spire   Summ/Air       8%           89%         4


Dungeon Overview and Level Annotations

Branches:
Dungeon (2/15)

Altars:
Okawaru


Innate Abilities, Weirdness & Mutations

You cannot be hasted, slowed, berserked, paralysed or teleported.
You can dig through walls and to a lower floor.
Your four strong arms can wield two-handed weapons with a shield.
You have a pair of large antennae on your head. (SInv)


Message History

You could not reach far enough!
Reach: h) +0 spear
Press: ? - help, Dir - move target, f/p - worm
Aim: a worm (moderately wounded)
You could not reach far enough!
Your guardian golem overheats!
The worm bites your guardian golem! Flame seeps out of your guardian golem.
Reach: h) +0 spear
Press: ? - help, Dir - move target, f/p - worm
Aim: a worm (moderately wounded)
You could not reach far enough!
Your guardian golem is engulfed in blazing flames.
Your guardian golem explodes!
The fiery explosion engulfs you!!
Ouch! That really hurt!
* * * LOW HITPOINT WARNING * * *
The fiery explosion engulfs the worm!
You are engulfed in blazing flames.
Ouch! That really hurt!
You die...

......#.....# ##
....#.#.#.#.# .. .#
..........#.# .# .#
....#.#.###.###.###.#
....#.#.#...#!......###
...............# .....#
...##.........###...#.#
...##..........§§§....#
...##.......#.)§@§#...#
#####......##..§w§# .#
#.......#.).).#
#....#..........
#.........###....
#....###$..# ..#.#
#....# ##... .##.# ## #


You could see a worm.

Vanquished Creatures
  2 dart slugs (D:1)
  2 giant cockroaches
  A hobgoblin (D:2)
  2 frilled lizards (D:1)
  2 rats (D:1)
9 creatures vanquished.

Vanquished Creatures (collateral kills)
  A gnoll (D:1)
  An ooze (D:1)
  A hobgoblin (D:1)
  A kobold (D:1)
  2 bats (D:1)
  2 frilled lizards
  A rat (D:1)
9 creatures vanquished.

Grand Total: 18 creatures vanquished

Notes
Turn   | Place    | Note
-------+----------+-------------------------------------------
     0 | D:1      | tizbic2 the Formicid Summoner began the quest for the Orb.
     0 | D:1      | Reached XP level 1. HP: 13/13 MP: 3/3
   207 | D:1      | Reached XP level 2. HP: 19/19 MP: 1/5
   771 | D:1      | Reached XP level 3. HP: 24/24 MP: 6/6
   832 | D:1      | Learned a level 3 spell: Summon Guardian Golem
   956 | D:2      | Found an iron altar of Okawaru.
   960 | D:2      | Reached skill level 1 in Polearms
   984 | D:2      | Engulfed by their own flame

Illustrated notes

Levels and vault maps discovered:
D:1:      lemuel_arrival_behind_the_door_large, layout_loops_cross
D:2:      layout_basic, tso_oasis_becter, okawaru_ov_weapons_minmay

Skill      XL: |  1  2  3 |
---------------+----------+-----
Polearms       | 1 |  1.0
Dodging        | |  1.8
Stealth        | |  2.4
Spellcasting   | |  2.5
Summonings     | |  4.5

Action                   || total
-------------------------++-------
Melee: Unarmed           ||    11
       Spear             ||    21
 Cast: Summon Small Mamm ||    27
       Summon Guardian G ||     1
 Abil: Dig               ||     9
Armor: Robe              ||     7
       Ring mail         ||     2
Dodge: Dodged            ||    11
